 Dungeon Crawl Stone Soup version 0.26-a0-540-g8a0c9464d7 (webtiles) character file.

Game seed: 1657480807780720166

178286 ReteAZ the Scorcher (level 17, -2/128 HPs)
             Began as a Red Draconian Venom Mage on Aug 15, 2020.
             Was an Initiate of Gozag.
             Killed from afar by Nikola (38 damage)
             ... with a chain lightning
             ... on level 1 of the Swamp.
             The game lasted 02:10:39 (41621 turns).

ReteAZ the Scorcher (Red Draconian Venom Mage)     Turns: 41621, Time: 02:10:39

Health: -2/128     AC: 17    Str:  5 (12) XL:     17   Next: 57%
Magic:  11/30      EV: 20    Int: 21 (25) God:    Gozag
Gold:   4140       SH: 14    Dex:  7 (13) Spells: 17/35 levels left

rFire    + + .     SeeInvis .   O - +8 trident of the Puffball {flame, *Drain rC+++ Int+5}
rCold    + + +     Faith    .   l - +3 kite shield {reflect}
rNeg     . . .     Spirit   .   (armour unavailable)
rPois    .         Reflect  +   J - +0 hat
rElec    .         Harm     .   M - scarf {rC+ rF+}
rCorr    .                      W - +1 pair of gloves
MR       +....                  C - +1 pair of boots
Stlth    +.........             s - amulet of magic regeneration
HPRegen  0.31/turn              y - +4 ring of protection
MPRegen  0.47/turn              B - +4 ring of evasion

@: mighty, stab, very slightly contaminated, invisible
A: breathe fire, unfitting armour, fire resistance 1, cold-blooded, AC +9
a: Breathe Fire, Potion Petition, Call Merchant, Bribe Branch, Renounce Religion


You were on level 1 of the Swamp.
You worshipped Gozag.
Gozag was most pleased with you.
You visited 5 branches of the dungeon, and saw 28 of its levels.
You visited 1 bazaar.
You also visited: Volcano.

You collected 13732 gold pieces.
You spent 1387 gold pieces at shops.
You paid 8205 gold pieces to Gozag.

Inventory:

Hand Weapons
 b - the +0 staff of Battle
   (You found it on level 6 of the Lair of Beasts)
 E - a +4 falchion of freezing
 N - a +3 scimitar of holy wrath
 O - the +8 trident of the Puffball (weapon) {flame, *Drain rC+++ Int+5}
   (You bought it in a shop in a bazaar)

   It has been specially enchanted to burn those struck by it, causing extra
   injury to most foes and up to half again as much damage against particularly
   susceptible opponents.
   It affects your intelligence (+5).
   It renders you almost immune to cold.
   It causes draining when unequipped.
Missiles
 r - 6 javelins (quivered)
 T - a throwing net
Armour
 l - a +3 kite shield of reflection (worn)
 C - a +1 pair of boots (worn)
 J - a +0 hat (worn)
 M - a scarf of resistance (worn)
 W - a +1 pair of gloves (worn)
Jewellery
 f - an uncursed amulet of regeneration
 m - an uncursed ring of see invisible
 s - an amulet of magic regeneration (around neck)
 v - an uncursed ring of resist corrosion
 y - a +4 ring of protection (left hand)
 B - a +4 ring of evasion (right hand)
 G - a +4 ring of slaying
Wands
 o - a wand of flame (85)
 z - a wand of enslavement (16)
 A - a wand of digging (10)
 F - a wand of paralysis (28)
 Q - a wand of iceblast (28)
 U - a wand of disintegration (7)
 V - a wand of polymorph (8)
 X - a wand of acid (1)
Scrolls
 a - 2 scrolls of identify
 d - 8 scrolls of teleportation
 e - 16 scrolls of remove curse
 j - 4 scrolls of magic mapping
 n - 4 scrolls of fear
 q - 6 scrolls of amnesia
 w - 2 scrolls of immolation
 D - a scroll of fog
 H - 3 scrolls of blinking
 I - 3 scrolls of enchant weapon
 Z - a scroll of summoning
Potions
 c - 6 potions of might
 g - 5 potions of haste
 h - 5 potions of mutation
 i - a potion of cancellation
 k - 9 potions of lignification
 p - a potion of invisibility
 t - 4 potions of stabbing
 u - 2 potions of flight
 x - a potion of brilliance
 K - a potion of resistance
 L - 11 potions of ambrosia
 P - a potion of berserk rage


   Skills:
 - Level 6.0 Fighting
 - Level 12.0 Dodging
 - Level 1.7 Stealth
 - Level 15.0 Shields
 + Level 9.8 Spellcasting
 - Level 7.0 Conjurations
 - Level 3.0 Transmutations
 * Level 17.3 Fire Magic
 - Level 4.0 Air Magic
 - Level 14.0 Poison Magic
 - Level 6.0 Evocations


You had 17 spell levels left.
You knew the following spells:

 Your Spells              Type           Power        Failure   Level
a - Sting                 Tmut/Pois      ####         1%          1
b - Poisonous Vapours     Pois/Air       #####.       1%          2
c - Ignite Poison         Fire/Tmut/Pois ######..     1%          3
d - Mephitic Cloud        Conj/Pois/Air  #####...     1%          3
e - Olgreb's Toxic Radia  Pois           ######..     1%          4
f - Fireball              Conj/Fire      ######....   1%          5

Your spell library contained the following spells:

 Spells                   Type           Power        Failure   Level
 Beastly Appendage        Tmut           ###...       1%          1
 Foxfire                  Conj/Fire      ####         1%          1
 Magic Dart               Conj           ####         1%          1
 Searing Ray              Conj           #####.       1%          2
 Conjure Flame            Conj/Fire      ######..     1%          3
 Inner Flame              Hex/Fire       #####...     1%          3
 Spider Form              Tmut/Pois      #####.....   1%          3
 Static Discharge         Conj/Air       ####....     1%          3
 Sticky Flame             Conj/Fire      ######..     1%          4
 Wereblood                Tmut           ###.....     3%          2
 Dazzling Flash           Conj/Hex       ####..       4%          3
 Stone Arrow              Conj/Erth      ####..       4%          3
 Passwall                 Tmut/Erth      ###.....     5%          2
 Alistair's Intoxication  Tmut/Pois      #####....    5%          5
 Animate Skeleton         Necr           ##....       7%          1
 Pain                     Necr           ##..         7%          1
 Sandblast                Erth           ##....       7%          1
 Bolt of Magma            Conj/Fire/Erth #####.....   7%          5
 Starburst                Conj/Fire      ######....   7%          6
 Blink                    Tloc           N/A          10%         2
 Fulminant Prism          Conj/Hex       ####......   16%         4
 Iskenderun's Mystic Bla  Conj/Tloc      ####....     16%         4
 Lightning Bolt           Conj/Air       ####......   19%         5
 Confusing Touch          Hex            ##......     21%         3
 Gell's Gravitas          Tloc           ##........   21%         3
 Lesser Beckoning         Tloc           ##........   21%         3
 Teleport Other           Tloc           ##......     21%         3
 Vampiric Draining        Necr           ##........   21%         3
 Eringya's Noxious Bog    Tmut/Pois      #####.....   30%         6
 Ice Form                 Ice/Tmut       ###.....     34%         4
 Petrify                  Tmut/Erth      ###.....     34%         4
 Ignition                 Fire           ######....   34%         8
 Blade Hands              Tmut           ###.......   47%         5
 Animate Dead             Necr           ##........   54%         4
 Leda's Liquefaction      Hex/Erth       ##........   54%         4
 Passage of Golubria      Tloc           N/A          54%         4
 Yara's Violent Unravell  Hex/Tmut       ###.......   69%         5
 Agony                    Necr           ##......     88%         5
 Lee's Rapid Deconstruct  Erth           ##........   88%         5
 Metabolic Englaciation   Hex/Ice        ##........   88%         5
 Iron Shot                Conj/Erth      ####......   94%         6
 Statue Form              Tmut/Erth      ###......    99%         6
 Shatter                  Erth           ##........   100%        9
 Tornado                  Air            ####......   100%        9


Dungeon Overview and Level Annotations

Branches:
Dungeon (15/15)            Temple (0/1) D:7            Lair (6/6) D:8
  Swamp (1/4) Lair:3       Spider (4/4) Lair:4        Slime (0/5) Lair:6
    Orc (2/2) D:10            Elf (0/3) Orc:2        Vaults (0/5) D:14
 Depths (0/5) D:15        Volcano (visited)

Altars:
Ashenzari
Dithmenos
Fedhas
Gozag
Makhleb
Nemelex Xobeh
Qazlal
Trog
Vehumet
Wu Jian
Xom
Yredelemnul
Zin
The Shining One
Beogh
Jiyva

Shops:
D:14 :   Orc:2 (?[*

Annotations:
D:8 3 runed translucent doors, fly's ghost, novice DDDe
D:11 1 runed translucent door, Renjy's ghost, journeyman OpIE
D:15 1 runed translucent door, Kyth's ghost, journeyman MiFi
Lair:2 3 runed translucent doors, Ducouz's ghost, journeyman TrMo; Sibaitro's ghost, journeyman GnWr; Wotyac's ghost, journeyman PaFi; Zeamae's ghost, journeyman OpCj
Swamp:1 Nikola
Orc:1 3 runed translucent doors, Feac's ghost, journeyman DsBe


Innate Abilities, Weirdness & Mutations

You can breathe blasts of fire.
Your fiery red scales are hard. (AC +9)
You cannot fit into any form of body armour.
Your flesh is heat resistant. (rF+)
You are cold-blooded and may be slowed by cold attacks.


Message History

Nikola casts a spell at you. The bolt of lightning misses you.
The tree smoulders and burns.
Casting: Poisonous Vapours (safe; 1% risk of failure)
Confirm with . or Enter, or press ? or * to list all spells.
Aiming: Poisonous Vapours (safe; 1% risk of failure)
Press: ? - help, Dir - move target cursor, f/p - Nikola
Aim: Nikola, wielding a +4 rapier of electrocution, wearing a +0 cloak and wearing a +2 pair of gloves (flame, severely wounded, fast, poisoned) There's already a cloud there!
Unknown command.
Casting: Poisonous Vapours (safe; 1% risk of failure)
Confirm with . or Enter, or press ? or * to list all spells.
You ignite the poison in your surroundings!
Nikola seems to burn from within!!
Nikola is almost dead.
Nikola is engulfed in blazing flames.
Nikola gestures wildly while chanting.
You hear a mighty clap of thunder!
The lightning arc hits the bog body!!
The lightning arc hits you!!!
You die...
Your body crumbles into a pile of gold.

,≈≈≈≈≈≈≈≈≈≈≈......$...♣♣**♣♣.....
≈≈≈≈≈≈≈@≈≈≈....≈§.≈....♣♣ ♣.≈≈$≈.
*,,,,,.....☼.°..≈≈.....≈♣♣♣..≈...
*≈,≈≈,.≈♣≈≈≈§♣≈..≈≈≈.≈..♣.....≈$<
,≈≈,≈≈≈≈♣*≈≈.○..≈≈≈≈≈.≈≈.≈≈≈≈≈≈≈≈
,≈≈≈≈≈≈≈* ♣♣♣.☼.≈≈≈≈≈.≈≈.≈≈≈≈≈≈.≈
*,,,≈≈≈,* ♣♣♣@.$≈≈.≈♣♣♣.≈≈≈≈≈..
***≈,≈≈** ♣≈♣♣○n....♣♣♣♣...≈≈..
***≈** ♣♣≈≈♣@≈♣...≈≈≈♣♣....♣♣ ***
♣≈..≈♣§♣♣..≈≈≈.♣♣♣♣♣♣
♣♣..♣♣♣♣♣≈.....♣ ♣♣♣♣ ♣♣♣§♣♣♣♣
*♣♣


You could see Nikola (fast) and a bog body (wandering).

Vanquished Creatures
  Rupert (Lair:6)
  Gastronok (D:9)
  Donald (Spider:3)
  Louise (Spider:4)
  2 emperor scorpions
  An orc warlord (Orc:1)
  4 ghost moths
  4 entropy weavers
  A dire elephant (Lair:6)
  Snorg (Orc:1)
  Josephine (D:10)
  A yaktaur captain (D:15)
  Erolcha (D:11)
  5 ogre magi
  Harold (Lair:2)
  Fannar (Orc:1)
  3 catoblepae
  7 hydras
  5 centaur warriors
  23 two-headed ogres
  A deep troll shaman (Lair:6)
  12 death yaks
  An alligator (Swamp:1)
  A tengu warrior (D:14)
  Urug (D:11)
  Sonja (Lair:6)
  A fire crab (Lair:5)
  4 skeletal warriors
  Pikel (D:5)
  41 wolf spiders
  A harpy (shapeshifter) (D:15)
  20 orb spiders
  An orc knight (D:14)
  An orc sorcerer (Orc:2)
  A deep elf mage (D:13)
  8 ugly things
  A cyclops (D:14)
  2 manticores
  3 moths of wrath
  7 black mambas
  7 elephants
  A centaur zombie (D:14)
  4 rime drakes
  10 cane toads
  2 torpor snails
  Maggie (D:6)
  8 komodo dragons
  3 kobold demonologists
  6 yaktaurs (D:15)
  16 demonic crawlers
  A tengu conjurer (D:14)
  A queen bee (shapeshifter) (D:14)
  4 trolls
  3 meliai (D:13)
  A queen bee (D:13)
  6 hornets
  6 polar bears
  33 jumping spiders
  Grinder (D:6)
  5 slime creatures
  A bog body (Lair:3)
  8 hippogriffs
  6 dream sheep (Lair:5)
  22 blink frogs
  Prince Ribbit (D:6)
  A centaur simulacrum (D:15)
  79 redbacks
  35 tarantellas
  7 wraiths
  A water elemental (D:14)
  2 wyverns
  2 basilisks
  Eustachio (D:4)
  42 yaks
  2 fire elementals (Volcano)
  A steam dragon (D:7)
  2 swamp worms (Lair:3)
  4 wargs
  15 water moccasins
  2 hell hounds (Lair:4)
  20 orc warriors
  2 swamp drakes (Swamp:1)
  11 porcupines
  A phantom (D:11)
  34 ogres
  3 black bears
  A necrophage (D:8)
  4 sky beasts
  An ice beast (D:14)
  2 eyes of draining (D:11)
  7 wolves
  9 centaurs
  13 crocodiles
  19 big kobolds
  16 bullfrogs
  A wyvern zombie (D:9)
  2 wyvern skeletons
  3 scorpions
  28 killer bees
  22 wights
  4 howler monkeys
  5 electric eels
  A bullfrog zombie (D:10)
  A quasit (D:5)
  21 orc priests
  2 jellies
  2 bullfrog skeletons
  11 centaur skeletons
  8 hounds
  Ijyb (D:3)
  4 iguanas
  Terence (D:3)
  27 orc wizards
  5 worker ants
  A killer bee zombie (D:8)
  2 hound skeletons
  2 worker ant zombies
  A howler monkey skeleton (D:11)
  8 adders
  2 white imps
  4 ufetubi
  An ooze (D:2)
  An adder zombie (D:9)
  An adder skeleton (D:4)
  3 worms
  A dart slug (D:4)
  8 leopard geckos
  85 orcs
  4 ball pythons
  8 giant cockroaches
  6 goblins
  8 hobgoblins
  6 jackals
  24 kobolds
  3 quokkas
  5 bats
  3 frilled lizards
  A leopard gecko skeleton (D:4)
  2 quokka skeletons
  4 rats
  2 fungi (Lair:6)
1015 creatures vanquished.

Vanquished Creatures (others)
  A shadow (D:14)
  23 fungi
  15 plants
39 creatures vanquished.

Grand Total: 1054 creatures vanquished

Notes
Turn   | Place    | Note
-------+----------+-------------------------------------------
     0 | D:1      | ReteAZ the Draconian Venom Mage began the quest for the
                  | Orb.
     0 | D:1      | Reached XP level 1. HP: 14/14 MP: 3/3
   343 | D:1      | Reached XP level 2. HP: 19/20 MP: 1/5
   964 | D:1      | Reached XP level 3. HP: 26/26 MP: 3/6
  1428 | D:2      | Found a bloodstained altar of Trog.
  1653 | D:2      | Found a shattered altar of Ashenzari.
  1663 | D:2      | Found a stormy altar of Qazlal.
  1730 | D:2      | Found a burning altar of Makhleb.
  1731 | D:2      | Found a blossoming altar of Fedhas.
  1771 | D:3      | Noticed Terence
  1794 | D:3      | Killed Terence
  1794 | D:3      | Reached XP level 4. HP: 32/33 MP: 1/8
  1958 | D:3      | Learned a level 2 spell: Poisonous Vapours
  1962 | D:3      | Learned a level 3 spell: Ignite Poison
  1966 | D:3      | Learned a level 3 spell: Mephitic Cloud
  2263 | D:3      | Noticed Ijyb
  2285 | D:3      | Killed Ijyb
  2285 | D:3      | Reached XP level 5. HP: 20/38 MP: 3/9
  2525 | D:3      | Found an opulent altar of Gozag.
  2526 | D:3      | Found a sparkling altar of Nemelex Xobeh.
  2542 | D:3      | Became a worshipper of Gozag Ym Sagoz the Greedy
  2642 | D:3      | Found a basalt altar of Yredelemnul.
  2762 | D:3      | Reached skill level 1 in Air Magic
  2769 | D:3      | Reached skill level 1 in Fire Magic
  2852 | D:4      | Found an ornate altar of the Wu Jian Council.
  2868 | D:4      | Reached skill level 1 in Conjurations
  2940 | D:3      | Reached XP level 6. HP: 44/45 MP: 2/11
  3346 | D:4      | Found a shadowy altar of Dithmenos.
  3398 | D:4      | Reached skill level 2 in Fire Magic
  3442 | D:4      | Your scales start taking on a fiery red colour.
  3442 | D:4      | Reached XP level 7. HP: 50/50 MP: 1/12
  3442 | D:4      | Gained mutation: Your flesh is heat resistant. (rF+) [Red
                  | Draconian growth]
  3618 | D:4      | Reached skill level 3 in Fire Magic
  3765 | D:4      | Noticed Eustachio
  3774 | D:4      | Killed Eustachio
  3774 | D:4      | Reached skill level 5 in Poison Magic
  3938 | D:5      | Entered Level 5 of the Dungeon
  4062 | D:5      | Reached skill level 4 in Fire Magic
  4263 | D:5      | Noticed Pikel
  4273 | D:5      | Killed Pikel
  4273 | D:5      | Reached skill level 6 in Fire Magic
  4273 | D:5      | Reached XP level 8. HP: 57/57 MP: 2/14
  4461 | D:5      | Found a glowing silver altar of Zin.
  5109 | D:6      | Learned a level 4 spell: Olgreb's Toxic Radiance
  5260 | D:6      | Noticed Grinder
  5340 | D:6      | Killed Grinder
  5548 | D:6      | Noticed Maggie
  5569 | D:6      | Killed Maggie
  5731 | D:6      | Reached XP level 9. HP: 62/62 MP: 13/16
  5849 | D:6      | Noticed Prince Ribbit
  5855 | D:6      | Killed Prince Ribbit
  5855 | D:6      | Reached skill level 5 in Spellcasting
  6471 | D:7      | Found a staircase to the Ecumenical Temple.
  7210 | D:7      | Reached skill level 10 in Poison Magic
  8344 | D:8      | Noticed a two-headed ogre
  8362 | D:8      | Killed a two-headed ogre
  8362 | D:8      | Reached XP level 10. HP: 69/69 MP: 4/19
  8532 | D:8      | Identified the Guide on Transmutation
  8689 | D:8      | Found a runed translucent gate.
  8715 | D:8      | Found a runed translucent gate.
  8717 | D:8      | Found a runed translucent gate.
  8722 | D:8      | Noticed fly's ghost (novice DDDe)
  9039 | D:8      | Found a glowing golden altar of the Shining One.
  9180 | D:8      | Found a staircase to the Lair.
  9357 | D:9      | Noticed a two-headed ogre
  9367 | D:9      | Killed a two-headed ogre
  9367 | D:9      | Reached skill level 1 in Fighting
  9367 | D:9      | Reached skill level 1 in Evocations
 10411 | D:9      | Reached XP level 11. HP: 84/84 MP: 12/20
 10694 | D:9      | Noticed Gastronok
 10855 | D:9      | Found a radiant altar of Vehumet.
 11297 | D:9      | Killed Gastronok
 11297 | D:9      | Reached skill level 5 in Fighting
 11502 | D:10     | Entered Level 10 of the Dungeon
 11518 | D:10     | Reached skill level 5 in Dodging
 11641 | D:10     | Reached skill level 5 in Evocations
 12148 | D:10     | Noticed Josephine
 12153 | D:10     | Killed Josephine
 12184 | D:10     | Noticed a two-headed ogre
 12207 | D:10     | Killed a two-headed ogre
 12609 | D:10     | Found a sparkling altar of Nemelex Xobeh.
 12742 | D:10     | Found a staircase to the Orcish Mines.
 13185 | D:11     | Found a flickering gateway to a bazaar.
 13198 | Bazaar   | Entered a bazaar
 13198 | Bazaar   | Found Pitoan's Magic Scroll Shoppe.
 13198 | Bazaar   | Found Juoguloe's Gadget Shoppe.
 13269 | Bazaar   | Found Lextasmy's General Store.
 13280 | Bazaar   | Found Oskiliurch's Antique Weapon Emporium.
 13288 | Bazaar   | Found Xoclaruc's Antique Armour Emporium.
 13322 | Bazaar   | Bought an embroidered scarf for 152 gold pieces
 13340 | Bazaar   | Bought a glowing scimitar for 203 gold pieces
 13353 | Bazaar   | Bought the +8 trident of the Puffball {flame, *Drain rC+++
                  | Int+5} for 932 gold pieces
 13382 | Bazaar   | Bought a scroll of teleportation for 60 gold pieces
 13395 | Bazaar   | Bought a scroll of identify for 20 gold pieces
 13395 | Bazaar   | Bought a scroll of identify for 20 gold pieces
 13422 | D:11     | Noticed a two-headed ogre
 13431 | D:11     | Killed a two-headed ogre
 13503 | D:11     | Noticed Erolcha
 13514 | D:11     | Killed Erolcha
 13514 | D:11     | Reached XP level 12. HP: 96/96 MP: 9/24
 13638 | D:11     | Found a shimmering altar of Xom.
 13709 | D:11     | Noticed Urug
 13716 | D:11     | Killed Urug
 13728 | D:11     | Noticed a two-headed ogre
 13741 | D:11     | Killed a two-headed ogre
 13741 | D:11     | Reached skill level 7 in Fire Magic
 14173 | Lair:1   | Entered Level 1 of the Lair of Beasts
 14173 | Lair:1   | Noticed a seven-headed hydra
 14181 | Lair:1   | Killed a seven-headed hydra
 14181 | Lair:1   | Reached skill level 8 in Fire Magic
 14580 | Lair:1   | Reached skill level 5 in Conjurations
 15265 | Lair:2   | Found a runed translucent gate.
 15265 | Lair:2   | Found a runed translucent gate.
 15265 | Lair:2   | Found a runed translucent gate.
 15265 | Lair:2   | Noticed Zeamae's ghost (journeyman OpCj)
 15265 | Lair:2   | Noticed Sibaitro's ghost (journeyman GnWr)
 15266 | Lair:2   | Noticed Ducouz's ghost (journeyman TrMo)
 15266 | Lair:2   | Noticed Wotyac's ghost (journeyman PaFi)
 15266 | Lair:2   | Noticed Ducouz's ghost (journeyman TrMo)
 15641 | Lair:2   | Noticed Harold
 15649 | Lair:2   | Killed Harold
 15866 | Lair:2   | Noticed a catoblepas
 15893 | Lair:2   | Killed a catoblepas
 16302 | Lair:3   | Identified a scroll of acquirement
 16302 | Lair:3   | Acquired a +1 kite shield of reflection
 16431 | Lair:3   | Reached skill level 1 in Shields
 16653 | Lair:3   | Noticed a six-headed hydra
 16659 | Lair:3   | Killed a six-headed hydra
 16871 | Lair:3   | Reached XP level 13. HP: 85/102 MP: 14/26
 17166 | Lair:3   | Reached skill level 5 in Shields
 17427 | Lair:3   | Found a staircase to the Swamp.
 18025 | Lair:4   | Found a dark tunnel.
 18118 | Volcano  | Entered a volcano
 18272 | Lair:4   | Learned a level 5 spell: Fireball
 18513 | Lair:4   | Found a hole to the Spider Nest.
 19478 | Lair:5   | Reached skill level 9 in Fire Magic
 19934 | Lair:5   | Reached skill level 10 in Fire Magic
 20390 | Lair:5   | Reached skill level 11 in Fire Magic
 20439 | Lair:5   | Reached XP level 14. HP: 103/110 MP: 21/27
 20982 | Lair:6   | Entered Level 6 of the Lair of Beasts
 20982 | Lair:6   | Found a staircase to the Slime Pits.
 20982 | Lair:6   | Found a viscous altar of Jiyva.
 20986 | Lair:6   | Noticed Rupert
 21004 | Lair:6   | Killed Rupert
 21004 | Lair:6   | Reached skill level 10 in Shields
 21477 | Lair:6   | Reached skill level 12 in Fire Magic
 21514 | Lair:6   | Found the +0 staff of Battle
 21995 | Lair:6   | Noticed Sonja
 21999 | Lair:6   | Killed Sonja
 23023 | Lair:6   | Reached skill level 13 in Fire Magic
 23309 | Spider:1 | Entered Level 1 of the Spider Nest
 23319 | Spider:1 | Noticed an entropy weaver
 23614 | Orc:1    | Entered Level 1 of the Orcish Mines
 23705 | Orc:1    | Noticed Fannar
 23719 | Orc:1    | Killed Fannar
 23831 | Orc:1    | Found a runed translucent gate.
 23831 | Orc:1    | Found a runed translucent gate.
 23831 | Orc:1    | Found a runed translucent gate.
 23839 | Orc:1    | Noticed Feac's ghost (journeyman DsBe)
 23853 | Orc:1    | Identified the +5 broad axe "Anajusod" {vorpal, MR+}
 23856 | Orc:1    | Found a roughly hewn altar of Beogh.
 23857 | Orc:1    | Identified the ring "Danopyug" {rN+ Int+4 SInv}
 23917 | Orc:1    | Noticed Snorg
 23928 | Orc:1    | Killed Snorg
 24208 | Orc:2    | Entered Level 2 of the Orcish Mines
 24388 | Orc:2    | Found a staircase to the Elven Halls.
 24727 | Orc:2    | Reached XP level 15. HP: 115/115 MP: 9/28
 24782 | Orc:1    | Noticed an orc warlord
 24794 | Orc:1    | Killed an orc warlord
 24794 | Orc:1    | Reached skill level 10 in Dodging
 25090 | Orc:2    | Reached skill level 14 in Fire Magic
 25221 | Orc:2    | Found Qaenouk's Magic Scroll Shop.
 25221 | Orc:2    | Found Xaehur's Antique Weapon Emporium.
 25222 | Orc:2    | Found Ruyvewiz's Assorted Antiques.
 25222 | Orc:2    | Found Foaluid's Armour Shop.
 26738 | D:11     | Found a runed translucent door.
 26743 | D:11     | Noticed Renjy's ghost (journeyman OpIE)
 27314 | D:12     | You fall into a shaft and drop 1 floor!
 29398 | D:14     | Found Idyrreto's Book Emporium.
 29959 | D:14     | Found a gate to the Vaults.
 30217 | D:15     | Entered Level 15 of the Dungeon
 30277 | D:15     | Reached XP level 16. HP: 103/122 MP: 17/29
 30652 | D:15     | Paralysed by a hornet for 2 turns
 30811 | D:15     | Found a runed translucent door.
 30811 | D:15     | Found a shimmering altar of Xom.
 30811 | D:15     | Noticed Kyth's ghost (journeyman MiFi)
 31070 | D:15     | Found a staircase to the Depths.
 32153 | Lair:4   | Acquired 2640 gold pieces
 32828 | Spider:1 | Reached skill level 15 in Shields
 32933 | Spider:1 | You fall into a shaft and drop 1 floor!
 36294 | Spider:3 | Noticed Donald
 36450 | Spider:3 | Killed Donald
 36843 | Spider:2 | Reached skill level 15 in Fire Magic
 37264 | Spider:3 | Reached XP level 17. HP: 128/128 MP: 21/30
 38011 | Spider:4 | Entered Level 4 of the Spider Nest
 38459 | Spider:4 | Reached skill level 16 in Fire Magic
 40126 | Spider:4 | Noticed Louise
 40145 | Spider:4 | Killed Louise
 40145 | Spider:4 | Reached skill level 17 in Fire Magic
 41512 | Swamp:1  | Entered Level 1 of the Swamp
 41602 | Swamp:1  | Noticed Nikola
 41621 | Swamp:1  | Killed from afar by Nikola

Illustrated notes

Levels and vault maps discovered:
D:1:      nicolae_arrival_memento_mori, layout_basic, minmay_misc_feat_alley
D:2:      layout_rooms, ashenzari_altar_1, bloody_trog,
          nicolae_overflow_hidden_temple, grunt_qazlal_sundering
D:3:      layout_rooms, grunt_temple_overflow_opulence, lemuel_doored_altar,
          uniq_terence, uniq_ijyb
D:4:      layout_cave_pools, nicolae_dithmenos_through_a_glass_darkly,
          lemuel_crystal_altar, uniq_eustachio
D:5:      layout_basic, kennysheep_little_box, uniq_pikel
D:6:      layout_basic, uniq_grinder, uniq_maggie, uniq_prince_ribbit1
D:7:      layout_layer_cave, minmay_temple_entry_large_hall
D:8:      layout_loops_ring, david_lair_shrubbed, gammafunk_ghost_nasty_kobolds,
          tso_altar
D:9:      layout_grid_maze, vehumet_crystals, special_room
          [special_room_kobold], st_stairs_9, uniq_gastronok
D:10:     layout_long_grid, erik_orc_2, serial_rivers,
          chequers_serial_rivers_marsh, chequers_serial_rivers_micro_a,
          chequers_serial_rivers_micro_c, chequers_serial_rivers_micro_c,
          chequers_serial_rivers_room_a, chequers_serial_rivers_large_a,
          nemelex_xobeh_ov_fountains_minmay, uniq_josephine
D:11:     layout_basic, ebering_ghost_reflecting_pool, basic_altar,
          serial_shops, bzr_entry_gold, uniq_erolcha, uniq_urug
D:12:     layout_roguey
D:13:     layout_roguey [special_room_bee]
D:14:     layout_rooms, hangedman_vaults_entry_quadrant_bands, serial_shops,
          nicolae_shop_crystal, fountainhead
D:15:     grunt_enter_depths_snipers, layout_basic, ebering_ghost_xom,
          serial_bayou_shore_b, chequers_arboretum
Lair:1:   layout_cave_pods, chequers_serial_rivers_marsh, beast_lair_carwin_5,
          grunt_megastairs_3, infiniplex_staircase_pool_2
Lair:2:   layout_regular_city, gammafunk_ghost_cemetery, minivault_24,
          uniq_harold
Lair:3:   layout_layer_cave, nicolae_swamp_entry_splash_gauntlet,
          lemuel_fruit_fields
Lair:4:   layout_hall_layers, spider_nest_entry_rubble, enter_volcano_3,
          lemuel_fruit_tree
Lair:5:   layout_regular_city, beast_lair_carwin_4
Lair:6:   grunt_lair_end_beastmaster, layout_gridlike, slime_altar_1,
          uniq_sonja, uniq_rupert
Swamp:1:  layout_basic_swamp, portal_ice_cave_entry_pillars_2,
          hangedman_swamp_ruin_wall, uniq_nikola, uniq_aizul
Spider:1: layout_spider_delve, nicolae_spider_nook
Spider:2: layout_spider_delve, drop_trap
Spider:3: layout_spider_delve, uniq_donald
Spider:4: grunt_spider_rune_island, uniq_louise
Orc:1:    layout_diamond_mine, biasface_ghost_orc_armoury, uniq_fannar,
          uniq_snorg
Orc:2:    st_orc_ogre_mass, layout_caves

Skill      XL: |  1  2  3  4  5  6  7  8  9 10 11 12 13 14 15 16 17 |
---------------+----------------------------------------------------+-----
Transmutations | 2 3 |  3.0
Spellcasting   | 3 4 6 8 9 |  9.8
Poison Magic   | 4 6 8 11 12 14 | 14.0
Air Magic      | 1 2 4 |  4.0
Fire Magic     | 1 2 6 8 11 13 14 15 17 | 17.3
Conjurations   | 1 2 7 |  7.0
Fighting       | 4 6 |  6.0
Dodging        | 4 6 8 9 11 12 | 12.0
Evocations     | 3 6 |  6.0
Shields        | 3 9 11 13 15 | 15.0
Stealth        | |  1.7

Action                   |  1- 3 |  4- 6 |  7- 9 | 10-12 | 13-15 | 16-18 || total
-------------------------+-------+-------+-------+-------+-------+-------++-------
Melee: Unarmed           |     5 |       |       |       |       |       ||     5
       Dagger            |    14 |       |       |       |       |       ||    14
       Tailslap          |     2 |     6 |    21 |    61 |   109 |    58 ||   257
       Short sword       |    10 |       |       |       |       |       ||    10
       Falchion          |    25 |    66 |   176 |   249 |       |       ||   516
       Trident           |       |       |       |   127 |   699 |   574 ||  1400
 Cast: Sting             |    49 |    44 |    11 |    20 |     2 |    16 ||   142
       Poisonous Vapours |       |    22 |    54 |    94 |   158 |   190 ||   518
       Mephitic Cloud    |       |     1 |     8 |    23 |    24 |    22 ||    78
       Olgreb's Toxic Ra |       |       |    11 |    60 |   144 |    80 ||   295
       Ignite Poison     |       |       |    12 |    27 |    48 |    41 ||   128
       Fireball          |       |       |       |       |    14 |     8 ||    22
Invok: Potion Petition   |       |       |     1 |       |     3 |    14 ||    18
 Abil: Breathe Fire      |       |       |    11 |    11 |    14 |    25 ||    61
Evoke: Wand              |       |       |       |       |       |    22 ||    22
  Use: Scroll            |       |     2 |     1 |    23 |    10 |    11 ||    47
       Potion            |       |       |       |     4 |     2 |    11 ||    17
 Stab: Sleeping          |       |       |     8 |     3 |     3 |     7 ||    21
       Invisible         |       |       |     1 |       |       |       ||     1
       Distracted        |       |       |       |     3 |    14 |     3 ||    20
       Confused          |       |       |       |     1 |       |     1 ||     2
Armor: Skin              |    21 |    34 |    98 |   139 |   115 |   329 ||   736
Dodge: Dodged            |    44 |    51 |   147 |   359 |   480 |  1042 ||  2123
Block: Kite shield       |       |       |       |     7 |   520 |   845 ||  1372
       Reflection        |       |       |       |       |    29 |    13 ||    42
       Rpst.: Falchion   |     9 |    15 |    32 |    64 |       |       ||   120

Table legend: (Time is in decaauts)
 A = Elapsed time spent in this place.
 B = Non-inter-level travel time spent in this place.
 C = Inter-level travel time spent in this place.
 D = Time resting spent in this place.
 E = Time spent auto-exploring this place.
 F = Levels seen in this place.
 G = Mean time per level.
                   A        B        C        D        E       F      G
               +--------+--------+--------+--------+--------+-----+--------+
         Total |  42383 |  39703 |   2680 |   7858 |  22470 |  30 | 1412.8 |
       Dungeon |  20406 |  18753 |   1653 |   2518 |  11889 |  15 | 1360.4 |
          Lair |   9969 |   9383 |    586 |   2071 |   5388 |   6 | 1661.5 |
         Swamp |    116 |    116 |      0 |      0 |      0 |   1 |  116.0 |
   Spider Nest |   8985 |   8644 |    341 |   2908 |   3565 |   4 | 2246.2 |
  Orcish Mines |   2638 |   2539 |     99 |    360 |   1518 |   2 | 1319.0 |
        Bazaar |    199 |    199 |      0 |      0 |    109 |   1 |  199.0 |
       Volcano |     67 |     67 |      0 |      0 |      0 |   1 |   67.0 |
               +--------+--------+--------+--------+--------+-----+--------+

Top non-repeatable levels by time:
Spider:1: 2729 daAuts
     D:9: 2438 daAuts
Spider:3: 2230 daAuts
  Lair:6: 2214 daAuts
Spider:4: 2044 daAuts
Spider:2: 1981 daAuts
  Lair:4: 1850 daAuts
  Lair:5: 1754 daAuts
     D:8: 1717 daAuts
    D:13: 1691 daAuts
    D:10: 1687 daAuts
     D:7: 1666 daAuts
  Lair:3: 1649 daAuts
    D:14: 1545 daAuts
   Orc:2: 1484 daAuts
